 Dungeon Crawl Stone Soup version 0.31-a0-1002-g8e65716e6e (webtiles) character file.

Game seed: 12063966177546814320

150 BritishOli the Trooper (level 5, 42/42 HPs)
             Began as a Demonspawn Fighter on Nov 10, 2023.
             Got out of the dungeon alive.
             The game lasted 00:02:22 (2163 turns).

BritishOli the Trooper (Demonspawn Fighter)         Turns: 2163, Time: 00:02:23

Health: 42/42      AC: 10    Str: 16    XL:     5   Next: 10%
Magic:  5/5        EV:  8    Int:  6    God:
Gold:   72         SH:  8    Dex: 13    Spells: 4/4 levels left

rFire   + . .        a - +0 war axe
rCold   . . .        c - +0 buckler
rNeg    + + +        j - +4 scale mail of San Seymp {Fly rN+++ Str-2 Int-3}
rPois   .            (no helmet)
rElec   .            (no cloak)
rCorr   .            (no gloves)
SInv    .            (no boots)
Will    .....        (no amulet) Stlth
                     l - ring of protection from fire
HPRegen 0.27/turn    (no ring)
MPRegen 0.18/turn

%: no passive effects
@: flying
A: magic regeneration, condensation shield
a: no special abilities


You escaped.
You visited 1 branch of the dungeon, and saw 2 of its levels.

You collected 72 gold pieces.

Inventory:

Hand Weapons
 a - a +0 war axe (weapon)
Armour
 b - a +0 scale mail
 c - a +0 buckler (worn)
 j - the +4 scale mail of San Seymp (worn) {Fly rN+++ Str-2 Int-3}
   (You found it on level 2 of the Dungeon)

   Str-2:     It affects your strength (-2).
   Int-3:     It affects your intelligence (-3).
   rN+++:     It renders you almost immune to negative energy.
   Fly:       It grants you flight.
Jewellery
 l - a ring of protection from fire (left hand)
Wands
 r - a wand of charming (8)
 s - a wand of flame (17)
Scrolls
 e - 3 scrolls of identify {unknown}
 f - a scroll of vulnerability {unknown}
 h - a scroll of amnesia {unknown}
 i - 2 scrolls of enchant armour {unknown}
 n - a scroll of torment {unknown}
 p - a scroll of blinking {unknown}
 q - a scroll of immolation {unknown}
Potions
 d - a potion of might
 g - a potion of cancellation {unknown}
 k - a potion of degeneration {unknown}
 m - a potion of resistance {unknown}
 o - a potion of enlightenment {unknown}


   Skills:
 + Level 4.0 Fighting
 + Level 3.0 Axes
 + Level 3.6 Armour
 - Level 3.0 Shields


You had 4 spell levels left.
You didn't know any spells.
Your spell library was empty.

Dungeon Overview and Level Annotations

Branches:
Dungeon (2/15)

Altars:

Shops:
D:2 *


Innate Abilities, Weirdness & Mutations

You regenerate magic rapidly.
A meltable shield of frost defends you. (SH +4)


Message History

Natasha barely misses you.
You hit Natasha.
Natasha is severely wounded.
You closely miss the cerulean imp.
The cerulean imp hits you but does no damage.
The cerulean imp completely misses you.
Natasha casts a spell.
The cerulean imp hits you but does no damage. x2
Natasha barely misses you. The cerulean imp completely misses you.
You slash Natasha!
You kill Natasha!
You feel Natasha's spirit has finally been put to rest.
The cerulean imp disappears in a puff of smoke! x3
Your Fighting skill increases to level 4!
Your Axes skill increases to level 3!
You have reached level 5!
Your demonic ancestry asserts itself...
Your magic begins to regenerate rapidly.
s - a wand of flame (17) (gained 4 charges)
You see here the felid corpse of Natasha.
You feel yourself speed up.
Your icy envelope is restored.
You see here a +0 dagger.
There is a stone staircase leading up here.
You fly upwards.
There is a stone staircase leading down here.
Unknown command.
Okay, then.
Okay, then.
Okay, then.
HP restored.
There is an open door here.
You reach down and open the door.
There is an open door here.
As you open the door, it creaks loudly!
You can't go up here!
Unknown command.
Unknown command.
There is an open door here.
There is a staircase leading out of the dungeon here.
You have escaped!

#...........###### ##....###..
#................###..#..##...
#...........####.##..##..#...#
#########'#.##.'.##..###....##
######.#.##.#.##..###....##
####......#.##.#.##..####...##
#...........##.#.....#########
#...........##.#....##
#.).........#@.'...##
####(.....#.##.#.###
#......#..#.#.# #......#..#.#.#
########### #######......#..#.#.#
#..........
......'.........#.+.###..........
#######......######...+..........
.....................##..........
.###).#.........##...##..........


There were no monsters in sight!

Vanquished Creatures
  Natasha (thrice) (D:2)
  4 adders (D:2)
  4 endoplasms
  3 giant cockroaches
  5 goblins
  2 hobgoblins (D:1)
  3 jackals (D:2)
  A quokka (D:2)
  4 ball pythons
  A bat (D:2)
  4 kobolds
  5 rats
39 creatures vanquished.

Notes
Turn   | Place    | Note
-------+----------+-------------------------------------------
     0 | D:1      | BritishOli the Demonspawn Fighter began the quest for the
                  | Orb.
     0 | D:1      | Reached XP level 1. HP: 18/18 MP: 1/1
   168 | D:1      | Gained mutation: A meltable shield of frost defends you.
                  | (SH +4) [demonic ancestry]
   168 | D:1      | Reached XP level 2. HP: 23/24 MP: 2/2
  1026 | D:2      | Identified the +4 scale mail of San Seymp {Fly rN+++ Str-2
                  | Int-3}
  1059 | D:2      | Found Ytedoth's General Store.
  1077 | D:2      | Reached XP level 3. HP: 29/29 MP: 3/3
  1240 | D:2      | Found a faded altar of an unknown god.
  1426 | D:2      | Reached XP level 4. HP: 32/37 MP: 4/4
  1538 | D:2      | Noticed Natasha
  1546 | D:2      | Killed Natasha
  1713 | D:2      | Noticed Natasha
  1723 | D:2      | Killed Natasha
  2043 | D:2      | Noticed Natasha
  2060 | D:2      | Killed Natasha
  2061 | D:2      | Reached skill level 4 in Fighting
  2061 | D:2      | Gained mutation: You regenerate magic rapidly. [demonic
                  | ancestry]
  2061 | D:2      | Reached XP level 5. HP: 24/42 MP: 5/5
  2163 | D:$      | Got out of the dungeon alive.

Illustrated notes

Levels and vault maps discovered:
D:1:      minmay_arrival_three_doors, layout_basic, kennysheep_minor_cross,
          minmay_misc_feat_columns, minivault_27, hangedman_glass_teeth,
          minmay_liquid_box, minmay_distorted
D:2:      layout_rooms, basic_altar, serial_shops, shop,
          shapermc_ecumenical_altar_totnotflames, hex_tiny, uniq_natasha

Skill      XL: |  1  2  3  4 |
---------------+-------------+-----
Axes           | 2 3 |  3.0
Armour         | 3 |  3.6
Shields        | 3 |  3.0
Fighting       | 4 |  4.0

Action                     |  1- 3 |  4- 6 || total
---------------------------+-------+-------++-------
  Melee: War axe           |   100 |    35 ||   135
 Armour: Scale mail        |    84 |    37 ||   121
         Skin              |     1 |       ||     1
  Dodge: Dodged            |    36 |    19 ||    55
  Block: Buckler           |    51 |    12 ||    63

Table legend: (Time is in decaauts)
 A = Elapsed time spent in this place.
 B = Non-inter-level travel time spent in this place.
 C = Inter-level travel time spent in this place.
 D = Time resting spent in this place.
 E = Time spent auto-exploring this place.
 F = Levels seen in this place.
 G = Mean time per level.
                   A        B        C        D        E       F      G
               +--------+--------+--------+--------+--------+-----+--------+
         Total |   2242 |   1796 |    446 |     76 |   1337 |   2 | 1121.0 |
       Dungeon |   2242 |   1796 |    446 |     76 |   1337 |   2 | 1121.0 |
               +--------+--------+--------+--------+--------+-----+--------+

Top non-repeatable levels by time:
     D:2: 1135 daAuts
     D:1: 1106 daAuts
